 Dungeon Crawl Stone Soup version 0.31-a0-222-gefeffbb62a (webtiles) character file.

Game seed: 13485888638198648996

126 qw the Shooter (level 5, -3/30 HPs)
             Began as a Gargoyle Hexslinger on July 4, 2023.
             Slain by an orc
             ... wielding a +0 mace
              (6 damage)
             ... on level 3 of the Dungeon.
             The game lasted 00:00:54 (2122 turns).

qw the Shooter (Gargoyle Hexslinger)                Turns: 2122, Time: 00:00:54

Health: -3/30      AC:  9    Str: 12    XL:     5   Next: 10%
Magic:  6/6        EV: 10    Int: 13    God:
Gold:   69         SH:  0    Dex: 14    Spells: 5/6 levels left

rFire   . . .        Y - +1 sling
rCold   . . .        (no shield)
rNeg    + . .        d - +0 ring mail
rPois   inf          (no helmet)
rElec   +            (no cloak)
rCorr   .            (no gloves)
SInv    .            (no boots)
Will    .....        (no amulet)
Stlth   +            (no ring)
HPRegen 0.25/turn    (no ring)
MPRegen 0.10/turn

%: no passive effects
@: no status effects
A: sickness immunity, AC +4, negative energy resistance 1, electricity
resistance, torment resistance 1, petrification resistance
a: no special abilities


You were on level 3 of the Dungeon.
You visited 1 branch of the dungeon, and saw 3 of its levels.

You collected 69 gold pieces.


Innate Abilities, Weirdness & Mutations

You are immune to sickness and miasma.
Your stone body is resilient. (AC +4)
You are immune to poison.
You resist negative energy. (rN+)
You are resistant to electric shocks. (rElec)
You are resistant to unholy torment.
You are immune to petrification.


   Skills:
 - Level 2.0 Fighting
 + Level 4.6 Ranged Weapons
 - Level 1.0 Armour
 - Level 1.5 Dodging
 - Level 1.0 Spellcasting
 - Level 2.6 Hexes


You had 5 spell levels left.
You knew the following spells:

 Your Spells              Type           Power      Damage    Failure   Level
a - Slow                  Hex            28%        N/A       22%         1

Your spell library contained the following spells:

 Spells                   Type           Power      Damage    Failure   Level
 Inner Flame              Hex/Fire       4%         N/A       73%         3
 Portal Projectile        Hex/Tloc       8%         N/A       73%         3
 Cause Fear               Hex            3%         N/A       91%         4

Inventory:

Hand Weapons
 Y - a +1 sling (weapon)
Armour
 d - a +0 ring mail (worn)
Scrolls
 b - a scroll of amnesia {unknown}
 g - a scroll of identify
Potions
 a - a potion of heal wounds {unknown}
 e - a potion of resistance {unknown}
 j - a potion of attraction {unknown}

Dungeon Overview and Level Annotations

Branches:
Dungeon (3/15)

Altars:
Elyvilon

Shops:
D:2 [


Message History

The orc shouts! x2
An orc comes into view. It is wielding a +0 flail.
Enter note: You shoot a sling bullet.
The sling bullet barely misses the orc.
An orc comes into view. It is wielding a +0 mace.
You shoot a sling bullet. The sling bullet barely misses the orc.
You shoot a sling bullet. The sling bullet hits the orc.
The orc is moderately wounded.
The orc hits you but does no damage.
You shoot a sling bullet. The sling bullet hits the orc.
The orc is lightly wounded.
You shoot a sling bullet. The sling bullet hits the orc!
You kill the orc!
You shoot a sling bullet.
The sling bullet closely misses the orc.
You shoot a sling bullet. The sling bullet hits the orc.
The orc is almost dead.
The orc hits you but does no damage. The orc closely misses you.
The orc hits you with a +0 flail. The orc hits you but does no damage.
You shoot a sling bullet. The sling bullet hits the orc.
You kill the orc!
The orc hits you with a +0 flail!
You shoot a sling bullet.
The sling bullet hits the orc but does no damage.
You shoot a sling bullet. The sling bullet hits the orc.
The orc is severely wounded.
The orc hits you but does no damage. The orc completely misses you.
The orc hits you with a +0 mace. The orc barely misses you.
You shoot a sling bullet.
The sling bullet closely misses the orc.
The orc hits you but does no damage. x2
You shoot a sling bullet.
The sling bullet hits the orc but does no damage.
The orc is severely wounded.
The orc hits you with a +0 flail! The orc hits you with a +0 mace.
You shoot a sling bullet.
The sling bullet hits the orc but does no damage.
The orc is severely wounded.
The orc hits you with a +0 flail. The orc hits you with a +0 mace. x2
You die...

#. #. #. #. #.
#. #
######o#####.#
......o@.>...#
########..####
##.## #..#
##.## ##..#
###..## #...##
#######.#######


You could see 2 orcs.

Vanquished Creatures
  An orc wizard (D:3)
  2 adders
  3 worms (D:2)
  4 dart slugs
  4 orcs (D:3)
  8 bats
  7 endoplasms
  3 giant cockroaches
  6 goblins
  A hobgoblin (D:1)
  2 jackals (D:2)
  3 quokkas
  5 ball pythons
  5 frilled lizards
  4 kobolds
  4 rats
62 creatures vanquished.

Notes
Turn   | Place    | Note
-------+----------+-------------------------------------------
     0 | D:1      | qw the Gargoyle Hexslinger began the quest for the Orb.
     0 | D:1      | Reached XP level 1. HP: 12/12 MP: 2/2
     0 | D:1      | 0 ||| qw: Version: 0.3-a-46-gb1f654a
     0 | D:1      | 0 ||| qw: Game counter: 876
     0 | D:1      | 0 ||| qw: Melee chars always use a shield: true
     0 | D:1      | 0 ||| qw: God list: Okawaru
     0 | D:1      | 0 ||| qw: Allow faded altars: false
     0 | D:1      | 0 ||| qw: Do Orc after clearing Dungeon:15 true
     0 | D:1      | 0 ||| qw: Do second Lair branch before Depths: true
     0 | D:1      | 0 ||| qw: Lair rune preference: random
     0 | D:1      | 0 ||| qw: Goals: Normal
     0 | D:1      | 0 ||| PLANNING D:1-11
   161 | D:1      | Reached XP level 2. HP: 16/16 MP: 3/3
   174 | D:1      | 174 ||| FLEEEEING.
   175 | D:1      | 175 ||| FLEEEEING.
   220 | D:1      | Reached skill level 3 in Ranged Weapons
   355 | D:1      | 355 ||| FLEEEEING.
   356 | D:1      | 356 ||| FLEEEEING.
   357 | D:1      | 357 ||| FLEEEEING.
   455 | D:1      | Reached XP level 3. HP: 21/21 MP: 4/4
   706 | D:1      | 706 ||| UPGRADING to +0 ring mail.
   716 | D:1      | 716 ||| DROPPING +0 robe.
   717 | D:1      | 717 ||| READING 2 scrolls labelled JERGHO IBIXUMUR.
   718 | D:1      | 718 ||| READING 2 scrolls labelled GITZAEFF NASI.
   719 | D:1      | 719 ||| DRINKING 2 coppery potions.
   720 | D:1      | 720 ||| DROPPING scroll of immolation.
   721 | D:1      | 721 ||| DROPPING scroll of poison.
   947 | D:2      | Found Fapheonn's Armour Shoppe.
   961 | D:2      | Reached XP level 4. HP: 26/26 MP: 5/5
   961 | D:2      | 961 ||| DRINKING 2 sedimented emerald potions.
  1086 | D:2      | Reached skill level 4 in Ranged Weapons
  1090 | D:2      | Found a faded altar of an unknown god.
  1641 | D:2      | 1641 ||| READING scroll labelled BYOX TOULIEDD.
  1642 | D:2      | 1642 ||| READING scroll labelled RACAPPOGAF.
  1643 | D:2      | 1643 ||| READING scroll labelled GEREOZ FUEL.
  1744 | D:2      | 1744 ||| DRINKING 3 pink potions.
  1787 | D:2      | 1787 ||| DROPPING potion of brilliance.
  1788 | D:2      | 1788 ||| DROPPING 2 potions of lignification.
  1824 | D:3      | Reached skill level 1 in Armour
  1924 | D:3      | Found a white marble altar of Elyvilon.
  2037 | D:3      | 2037 ||| DRINKING potion of curing.
  2037 | D:3      | 2037 ||| (to cure confusion)
  2041 | D:3      | Reached XP level 5. HP: 22/30 MP: 6/6
  2122 | D:3      | HP: 3/30 [orc/+0 mace (5)]
  2122 | D:3      | Slain by an orc

Levels and vault maps discovered:
D:1:      amcnicky_arrival_underground_garden, layout_loops_cross
D:2:      layout_basic, serial_shops, nicolae_shop_tiny_statue_garden,
          shapermc_ecumenical_altar_mp_ritualfount
D:3:      layout_basic, nicolae_overflow_hidden_temple, minivault_4

Skill      XL: |  1  2  3  4 |
---------------+-------------+-----
Ranged Weapons | 3 4 |  4.6
Fighting       | 2 |  2.0
Armour         | 1 |  1.0
Dodging        | |  1.5
Spellcasting   | |  1.0
Hexes          | |  2.6

Action                     |  1- 3 |  4- 6 || total
---------------------------+-------+-------++-------
   Fire: Sling             |   113 |   113 ||   226
    Use: Scroll            |     2 |     3 ||     5
         Potion            |     1 |     3 ||     4
 Armour: Robe              |    12 |       ||    12
         Ring mail         |    10 |    38 ||    48
  Dodge: Dodged            |    38 |    30 ||    68

Table legend:
 A = Non-vault XP
 B = Vault XP
 C = Vault XP percentage of total XP
 D = Non-vault monster count
 E = Vault monster count
 F = Vault count percentage of total count
                 A         B        C        D         E       F
            +---------+---------+-------+---------+---------+-------
      Total |     181 |       0 |   0.0 |      62 |       0 |   0.0
            +---------+---------+-------+---------+---------+-------
        D:1 |      42 |       0 |   0.0 |      23 |       0 |   0.0
        D:2 |      69 |       0 |   0.0 |      27 |       0 |   0.0
        D:3 |      70 |       0 |   0.0 |      12 |       0 |   0.0
            +---------+---------+-------+---------+---------+-------
